NWL (28 & UNDER)
SAN DIEGO SMASHERS @ LA CROSSE LOGGERS
09/23/2026
 
TOP OF THE 1ST
San Diego Smashers batting - Pitching for La Crosse Loggers : LHP Ben Reyes
Pitching: LHP Ben Reyes
Batting: SHB Chris Woods 0-0: Ball
1-0: Called Strike
1-1: Ball
2-1: Swinging Strike
2-2: Foul Ball, location: 2F
2-2: Foul Ball, location: 2F
2-2: Strikes out swinging
Batting: SHB Adrián Nieto 0-0: Ground out 4-3 (Groundball, 4)
Batting: RHB Fred Ameris 0-0: Ball
1-0: Ball
2-0: Called Strike
2-1: Ball
3-1: Base on Balls
Batting: LHB Ken Phillips 0-0: Ball
1-0: Called Strike
1-1: Ball
2-1: Ball
Passed Ball!
Fred Ameris to second
3-1: Called Strike
3-2: Base on Balls
Batting: LHB Karl Hill 0-0: Called Strike
0-1: Ball
1-1: Ball
2-1: Called Strike
2-2: Fly out, F7 (Flyball, 7S)
Top of the 1st over - 0 run(s), 0 hit(s), 0 error(s), 2 left on base; San Diego 0 - La Crosse 0
BOTTOM OF THE 1ST
La Crosse Loggers batting - Pitching for San Diego Smashers : RHP Duane Carlson
Pitching: RHP Duane Carlson
Batting: RHB Troy Reed 0-0: Foul Ball, location: 2F
0-1: Ball
1-1: Swinging Strike
1-2: Strikes out swinging
Batting: RHB Jesús Silva 0-0: Ball
1-0: Called Strike
1-1: Called Strike
1-2: Strikes out looking
Batting: RHB Júlio Sánchez 0-0: Foul Ball, location: 2F
0-1: Ball
1-1: Foul Ball, location: 2F
1-2: Ball
2-2: Strikes out swinging
Bottom of the 1st over - 0 run(s), 0 hit(s), 0 error(s), 0 left on base; San Diego 0 - La Crosse 0
TOP OF THE 2ND
San Diego Smashers batting - Pitching for La Crosse Loggers : LHP Ben Reyes
Batting: LHB Ramiro Martínez 0-0: Ball
1-0: Ball
2-0: Ball
3-0: Base on Balls
Batting: RHB Ricardo Guzmán 0-0: Called Strike
0-1: Ball
1-1: Ball
2-1: Foul Ball, location: 2F
2-2: Strikes out looking
Batting: RHB John Nelson 0-0: Ball
1-0: Called Strike
1-1: Ball
Ramiro Martínez is caught stealing 2nd base
2-1: Ground out 6-3 (Groundball, 6)
Top of the 2nd over - 0 run(s), 0 hit(s), 0 error(s), 0 left on base; San Diego 0 - La Crosse 0
BOTTOM OF THE 2ND
La Crosse Loggers batting - Pitching for San Diego Smashers : RHP Duane Carlson
Batting: RHB Kirk Powell 0-0: Ball
1-0: Called Strike
1-1: Ball
2-1: Foul Ball, location: 2F
2-2: Ground out 1-3 (Groundball, 23)
Batting: RHB Francisco Rodríguez 0-0: Ball
1-0: Called Strike
1-1: TRIPLE (Flyball, 89M)
Batting: RHB Andrés Bustamante 0-0: Called Strike
0-1: Fly out, F2 (Popup, 2RF)
Batting: LHB Ben Reyes 0-0: Ball
1-0: Foul Ball, location: 2F
1-1: Ball
2-1: Foul Ball, location: 2F
2-2: Strikes out swinging
Bottom of the 2nd over - 0 run(s), 1 hit(s), 0 error(s), 1 left on base; San Diego 0 - La Crosse 0
TOP OF THE 3RD
San Diego Smashers batting - Pitching for La Crosse Loggers : LHP Ben Reyes
Batting: LHB Francisco Medina 0-0: Swinging Strike
0-1: Ball
1-1: Fly out, F5 (Popup, 5SF)
Batting: SHB Chris Woods 0-0: Ball
1-0: Ball
2-0: Fly out, F8 (Flyball, 8LXD)
Batting: SHB Adrián Nieto 0-0: Ball
1-0: Ground out 3-1 (Groundball, 34)
Top of the 3rd over - 0 run(s), 0 hit(s), 0 error(s), 0 left on base; San Diego 0 - La Crosse 0
BOTTOM OF THE 3RD
La Crosse Loggers batting - Pitching for San Diego Smashers : RHP Duane Carlson
Batting: RHB Vernon Romo 0-0: Called Strike
0-1: Foul Ball, location: 2F
0-2: Fly out, F7 (Flyball, 78M)
Batting: RHB Robert Acosta 0-0: Ball
1-0: Ball
2-0: Ground out 6-3 (Groundball, 6)
Batting: RHB Troy Reed 0-0: Foul Ball, location: 2F
0-1: Called Strike
0-2: Ball
1-2: Fly out, F7 (Line Drive, 7M)
Bottom of the 3rd over - 0 run(s), 0 hit(s), 0 error(s), 0 left on base; San Diego 0 - La Crosse 0
TOP OF THE 4TH
San Diego Smashers batting - Pitching for La Crosse Loggers : LHP Ben Reyes
Batting: RHB Fred Ameris 0-0: Ball
1-0: Fly out, F6 (Popup, 5D)
Batting: LHB Ken Phillips 0-0: Called Strike
0-1: Fly out, F6 (Line Drive, 6)
Batting: LHB Karl Hill 0-0: Foul Ball, location: 2F
0-1: Foul Ball, location: 2F
0-2: Strikes out swinging
Top of the 4th over - 0 run(s), 0 hit(s), 0 error(s), 0 left on base; San Diego 0 - La Crosse 0
BOTTOM OF THE 4TH
La Crosse Loggers batting - Pitching for San Diego Smashers : RHP Duane Carlson
Batting: RHB Jesús Silva 0-0: Swinging Strike
0-1: Ground out 5-3 (Groundball, 56)
Batting: RHB Júlio Sánchez 0-0: SINGLE (Groundball, 34)
Batting: RHB Kirk Powell 0-0: Ball
1-0: Foul Ball, location: 2F
1-1: Swinging Strike
1-2: Ball
2-2: Strikes out swinging
Batting: RHB Francisco Rodríguez 0-0: Fly out, F9 (Line Drive, 89M)
Bottom of the 4th over - 0 run(s), 1 hit(s), 0 error(s), 1 left on base; San Diego 0 - La Crosse 0
TOP OF THE 5TH
San Diego Smashers batting - Pitching for La Crosse Loggers : LHP Ben Reyes
Batting: LHB Ramiro Martínez 0-0: Ball
1-0: Ball
2-0: Foul Ball, location: 2F
2-1: Foul Ball, location: 2F
2-2: Ball
3-2: Fly out, F5 (Popup, 5F)
Batting: RHB Ricardo Guzmán 0-0: Ball
1-0: Ball
2-0: Called Strike
2-1: Ball
3-1: Base on Balls
Batting: RHB John Nelson 0-0: Ball
1-0: Reached on error, E1 (Groundball, 13)
Ricardo Guzmán to second
Batting: LHB Francisco Medina 0-0: Ball
1-0: Fielders Choice at 2nd, U4 (Groundball, 4)
Ricardo Guzmán to third
Batting: SHB Chris Woods 0-0: Foul Ball, location: 2F
0-1: Foul Ball, location: 2F
0-2: Ball
1-2: Ball
2-2: Ball
3-2: Base on Balls
Francisco Medina to second
Batting: SHB Adrián Nieto 0-0: Foul Ball, location: 2F
0-1: Ball
1-1: Ball
2-1: DOUBLE (Line Drive, 8LM)
Ricardo Guzmán scores
Francisco Medina scores
Chris Woods to third
Batting: RHB Fred Ameris 0-0: Called Strike
0-1: Ball
1-1: Called Strike
1-2: Ball
2-2: Strikes out looking
Top of the 5th over - 2 run(s), 1 hit(s), 1 error(s), 2 left on base; San Diego 2 - La Crosse 0
BOTTOM OF THE 5TH
La Crosse Loggers batting - Pitching for San Diego Smashers : RHP Duane Carlson
Batting: RHB Andrés Bustamante 0-0: Called Strike
0-1: Ball
1-1: Ball
2-1: Ball
3-1: Foul Ball, location: 2F
3-2: SINGLE (Line Drive, 8RS)
Batting: LHB Ben Reyes 0-0: Ball
1-0: Foul Ball, location: 2F
1-1: Fly out, F7 (Flyball, 7S)
Batting: RHB Vernon Romo 0-0: Ball
1-0: Called Strike
1-1: Called Strike
1-2: Strikes out looking
Batting: RHB Robert Acosta 0-0: Called Strike
0-1: Ball
1-1: Ball
2-1: Ball
3-1: Base on Balls
Andrés Bustamante to second
Batting: RHB Troy Reed 0-0: Ball
1-0: Foul Ball, location: 2F
1-1: Fly out, F9 (Flyball, 9LSF)
Bottom of the 5th over - 0 run(s), 1 hit(s), 0 error(s), 2 left on base; San Diego 2 - La Crosse 0
TOP OF THE 6TH
San Diego Smashers batting - Pitching for La Crosse Loggers : LHP Ben Reyes
Pitching: LHP Pablo Solíz
Batting: LHB Ken Phillips 0-0: Ball
1-0: Ball
2-0: Ball
3-0: Base on Balls
Batting: LHB Karl Hill 0-0: Ball
1-0: Ball
2-0: Called Strike
2-1: Foul Ball, location: 2F
2-2: Ball
3-2: Ground out 1-3 (Groundball, 4S)
Ken Phillips to second
Batting: LHB Ramiro Martínez 0-0: Ball
1-0: Ball
2-0: Ball
3-0: Called Strike
3-1: Foul Ball, location: 2F
3-2: Base on Balls
Batting: RHB Ricardo Guzmán 0-0: Ball
1-0: Called Strike
1-1: Foul Ball, location: 2F
1-2: Ball
2-2: Ball
3-2: Foul Ball, location: 2F
3-2: Hit by Pitch
Ken Phillips to third
Ramiro Martínez to second
Batting: RHB John Nelson 0-0: Foul Ball, location: 2F
0-1: Foul Ball, location: 2F
0-2: Strikes out swinging
Batting: LHB Francisco Medina 0-0: SINGLE (Groundball, 34)
Ken Phillips scores
Ramiro Martínez to third
Ricardo Guzmán to second
Runner from 3rd tries for Home, SAFE, no throw or cutoff
Batting: SHB Chris Woods 0-0: Called Strike
0-1: Ball
1-1: Ball
2-1: Ball
3-1: Called Strike
3-2: Foul Ball, location: 2F
3-2: Strikes out looking
Top of the 6th over - 2 run(s), 1 hit(s), 0 error(s), 2 left on base; San Diego 4 - La Crosse 0
BOTTOM OF THE 6TH
La Crosse Loggers batting - Pitching for San Diego Smashers : RHP Duane Carlson
Batting: RHB Jesús Silva 0-0: Ball
1-0: Ball
2-0: Foul Ball, location: 2F
2-1: Foul Ball, location: 2F
2-2: Foul Ball, location: 2F
2-2: SINGLE (Groundball, 6MD)
Batting: RHB Júlio Sánchez 0-0: Ball
1-0: Foul Ball, location: 2F
1-1: 2-RUN HOME RUN (Flyball, 9LD), Distance : 352 ft
Batting: RHB Kirk Powell 0-0: Foul Ball, location: 2F
0-1: Ground out 5-3 (Groundball, 56)
Batting: RHB Francisco Rodríguez 0-0: Called Strike
0-1: Fly out, F8 (Flyball, 8RD)
Batting: RHB Andrés Bustamante 0-0: Ball
1-0: Ball
2-0: Called Strike
2-1: Swinging Strike
2-2: Ball
3-2: Foul Ball, location: 2F
3-2: Ground out 4-3 (Groundball, 4)
Bottom of the 6th over - 2 run(s), 2 hit(s), 0 error(s), 0 left on base; San Diego 4 - La Crosse 2
TOP OF THE 7TH
San Diego Smashers batting - Pitching for La Crosse Loggers : LHP Pablo Solíz
Batting: SHB Adrián Nieto 0-0: Ball
1-0: Ball
2-0: Ball
3-0: Called Strike
3-1: Fly out, F9 (Flyball, 9M)
Batting: RHB Fred Ameris 0-0: Ball
1-0: Called Strike
1-1: Called Strike
1-2: SINGLE (Flyball, 89S)
Batting: LHB Ken Phillips 0-0: Ball
1-0: Swinging Strike
1-1: Called Strike
1-2: Strikes out swinging
Batting: LHB Karl Hill 0-0: Ball
1-0: Ball
2-0: Ball
3-0: Called Strike
3-1: Foul Ball, location: 2F
3-2: Ground out 4-3 (Groundball, 4)
Top of the 7th over - 0 run(s), 1 hit(s), 0 error(s), 1 left on base; San Diego 4 - La Crosse 2
BOTTOM OF THE 7TH
La Crosse Loggers batting - Pitching for San Diego Smashers : RHP Duane Carlson
Batting: LHB Ben Reyes 0-0: Called Strike
0-1: Ball
1-1: Swinging Strike
1-2: Ball
2-2: Ball
3-2: Foul Ball, location: 2F
3-2: Foul Ball, location: 2F
3-2: Base on Balls
Pitching: LHP Jesús Martínez
Batting: RHB Vernon Romo 0-0: Foul Ball, location: 2F
0-1: SINGLE (Line Drive, 9S)
Ben Reyes to second
Batting: RHB Robert Acosta 0-0: Bunt missed!
0-1: Sac Bunt - play at first, batter OUT! 1-4
Ben Reyes to third
Vernon Romo to second
Batting: RHB Troy Reed 0-0: Ball
1-0: Ball
2-0: Ball
3-0: Base on Balls
Batting: RHB Jesús Silva 0-0: Swinging Strike
0-1: Swinging Strike
0-2: Fly out, F9 (Flyball, 89XD)
Runner from 3rd tags up, SCORES, no throw
Batting: RHB Júlio Sánchez 0-0: Called Strike
0-1: Ball
1-1: Ball
2-1: Fly out, F9 (Flyball, 9D)
Bottom of the 7th over - 1 run(s), 1 hit(s), 0 error(s), 2 left on base; San Diego 4 - La Crosse 3
TOP OF THE 8TH
San Diego Smashers batting - Pitching for La Crosse Loggers : LHP Pablo Solíz
Batting: LHB Ramiro Martínez 0-0: Ball
1-0: Called Strike
1-1: Swinging Strike
1-2: Ball
2-2: Strikes out looking
Pitching: LHP Steve Alexander
Batting: RHB Ricardo Guzmán 0-0: Ball
1-0: Foul Ball, location: 2F
1-1: Called Strike
1-2: Ball
2-2: Ball
3-2: Ground out 1-3 (Groundball, 13S)
Batting: RHB John Nelson 0-0: Called Strike
0-1: Swinging Strike
0-2: Ball
1-2: Strikes out looking
Top of the 8th over - 0 run(s), 0 hit(s), 0 error(s), 0 left on base; San Diego 4 - La Crosse 3
BOTTOM OF THE 8TH
La Crosse Loggers batting - Pitching for San Diego Smashers : LHP Jesús Martínez
Pitching: RHP Joe Shoemaker
Batting: RHB Kirk Powell 0-0: Called Strike
0-1: Swinging Strike
0-2: Strikes out looking
Batting: RHB Francisco Rodríguez 0-0: Ground out 6-3 (Groundball, 6)
Batting: RHB Andrés Bustamante 0-0: DOUBLE (Line Drive, 7LM)
Pitching: LHP Geoff Williams
Batting: LHB Ben Reyes 0-0: Called Strike
0-1: Ball
1-1: Foul Ball, location: 2F
1-2: Strikes out swinging
Bottom of the 8th over - 0 run(s), 1 hit(s), 0 error(s), 1 left on base; San Diego 4 - La Crosse 3
TOP OF THE 9TH
San Diego Smashers batting - Pitching for La Crosse Loggers : LHP Steve Alexander
Pitching: RHP Jorge Flores
Batting: LHB Francisco Medina 0-0: Called Strike
0-1: Ground out 4-3 (Groundball, 4)
Batting: SHB Chris Woods 0-0: Called Strike
0-1: Foul Ball, location: 2F
0-2: Foul Ball, location: 2F
0-2: Foul Ball, location: 2F
0-2: Ball
1-2: Ball
2-2: Foul Ball, location: 2F
2-2: Foul Ball, location: 2F
2-2: Ball
3-2: Fly out, F4 (Line Drive, 4)
Batting: SHB Adrián Nieto 0-0: Called Strike
0-1: Foul Ball, location: 2F
0-2: Ball
1-2: Foul Ball, location: 2F
1-2: Ball
2-2: DOUBLE (Line Drive, 5D)
Batting: RHB Fred Ameris 0-0: Ball
1-0: Ball
2-0: Swinging Strike
2-1: Ball
3-1: Base on Balls
Pinch Runner at 2nd Jorge Collazo:
Batting: LHB Ken Phillips 0-0: Called Strike
Fred Ameris is caught stealing 2nd base
Top of the 9th over - 0 run(s), 1 hit(s), 0 error(s), 0 left on base; San Diego 4 - La Crosse 3
BOTTOM OF THE 9TH
La Crosse Loggers batting - Pitching for San Diego Smashers : LHP Geoff Williams
Pitching: LHP Raymond Ritchie
Now at 2B: Jorge Collazo
Batting: RHB Vernon Romo 0-0: Swinging Strike
0-1: Foul Ball, location: 2F
0-2: Ball
1-2: Ball
2-2: Foul Ball, location: 2F
2-2: Ball
3-2: Foul Ball, location: 2F
3-2: Foul Ball, location: 2F
3-2: Foul Ball, location: 2F
3-2: SINGLE (Groundball, 4MD)
Batting: RHB Robert Acosta 0-0: Sac Bunt - play at first, batter OUT! 1-4
Vernon Romo to second
Batting: RHB Troy Reed 0-0: Ground out 5-3 (Groundball, 5L)
Batting: RHB Jesús Silva 0-0: Ground out 1-3 (Groundball, 13S)
Bottom of the 9th over - 0 run(s), 1 hit(s), 0 error(s), 1 left on base; San Diego 4 - La Crosse 3
Monday, December 5th, 2016 - OOTP Baseball 17.12 Build 75